Map: Cactus Valley LE (Void)

Players

SticklerMac

  • Race: Zerg Zerg
  • League: Grandmaster

Toxic - Winner!

  • Race: Zerg Zerg
  • League: Grandmaster

VOD

Have the link to the VOD?

Description

Time

  • Played on: June 18, 2015, 12:29 a.m.
  • Length: 13:25
Show
View Real Time Build Order
Export as new Build Order

SticklerMac Zerg 

Build Orders: Pool First 

Get SALT Encoding   

  12  0:01  Drone  
  13  0:10  Drone  
  13  0:14  Extractor  
  13  0:16  Drone  
  14  0:33  Spawning Pool  
  13  0:39  Drone  
  14  0:47  Overlord  
  14  1:18  Drone  
  14  1:20  Metabolic Boost, Queen  
  14  1:22  Drone  
  18  1:29  Drone  
  18  1:31  Drone  
  20  1:40  Overlord  
  20  1:51  Drone  
  21  2:02  Lair  
  21  2:07  Zergling x2  
  22  2:20  Hatchery  
  21  2:23  Drone  
  22  2:53  Drone x5  
  27  3:01  Roach Warren  
  27  3:04  Zergling x2  
  27  3:05  Zergling x6  
  28  3:07  Zergling x2  
  17  3:24  Zergling x2  
  18  3:31  Baneling Nest  
  18  3:32  Drone  
  18  3:33  Drone  
  19  3:39  Drone  
  20  3:43  Drone  
  21  3:50  Drone  
  22  3:57  Drone  
  22  4:00  Drone  
  24  4:07  Drone  
  25  4:15  Drone  
  26  4:18  Queen  
  26  4:22  Queen  
  30  4:25  Drone  
  30  4:30  Baneling x3  
  30  4:31  Baneling x3  
  31  4:39  Drone x3  
  34  4:50  Extractor  
  34  4:51  Drone x2  
  35  4:53  Overlord  
  35  5:22  Drone x3  
  35  5:23  Drone x2  
  40  5:32  Drone  
  40  5:50  Roach Warren  
  40  5:53  Drone x6, Extractor  
  40  5:57  Overlord x4  
  44  6:13  Overlord  
  44  6:14  Overlord  
  44  6:17  Drone x2  
  44  6:18  Drone x3  
  47  6:19  Drone x2  
  47  6:20  Drone  
  52  6:38  Roach x2  
  52  6:39  Roach x2  
  60  6:47  Roach  
  60  6:48  Roach x7  
  76  6:54  Glial Reconstitution  
  76  6:59  Evolution Chamber  
  75  7:02  Evolution Chamber, Drone x2  
  76  7:15  Roach  
  78  7:16  Roach x6  
  78  7:17  Roach  
  92  7:29  Overlord  
  92  7:30  Overlord x2  
  91  7:47  Zerg Ground Armor Level 1  
  91  7:50  Zerg Missile Weapons Level 1  
  91  7:56  Roach x7  
  105  8:08  Roach  
  105  8:09  Roach x3  
  105  8:11  Roach  
  115  8:14  Overlord  
  115  8:16  Hatchery  
  115  8:19  Overlord  
  114  8:36  Roach x4  
  114  8:37  Overlord, Roach  
  114  8:38  Overlord  
  114  8:39  Overlord  
  124  8:42  Overlord  
  124  8:56  Roach x2  
  128  9:05  Hydralisk Den  
  126  9:13  Roach  
  126  9:14  Roach x7  
  126  9:15  Roach x2  
  146  9:23  Roach  
  148  9:28  Queen  
  150  9:35  Drone, Extractor  
  150  9:36  Drone x3  
  153  9:44  Hydralisk x4  
  161  10:04  Drone  
  161  10:05  Drone x7  
  162  10:18  Roach  
  162  10:19  Roach x5  
  162  10:21  Hydralisk  
  144  10:27  Hydralisk x2  
  134  10:31  Roach  
  134  10:32  Roach  
  122  10:41  Zerg Missile Weapons Level 2  
  122  10:49  Queen  
  124  11:07  Hydralisk  
  124  11:08  Hydralisk x6  
  116  11:16  Roach x4  
  116  11:17  Roach  
  108  11:22  Roach  
  108  11:23  Roach  
  96  11:26  Roach x2  
  96  11:31  Roach x2  
  94  11:45  Lurker Den  
  94  11:54  Hatchery  
  93  11:56  Hatchery  
  93  12:12  Roach x5  
  93  12:13  Roach x4  
  111  12:30  Extractor  
  111  12:33  Extractor  
  109  12:56  Drone x7  
Show
View Real Time Build Order
Export as new Build Order

Toxic Zerg - Winner!

Build Orders: Pool First 

Get SALT Encoding   

  12  0:14  Extractor  
  12  0:20  Spawning Pool  
  10  0:26  Drone  
  11  0:35  Overlord  
  11  1:08  Zergling x6  
  14  1:18  Metabolic Boost  
  14  1:19  Zergling x2  
  15  1:30  Drone  
  16  1:35  Queen  
  18  1:41  Drone  
  19  1:51  Overlord  
  19  2:03  Drone  
  20  2:18  Hatchery  
  19  2:30  Drone  
  19  2:31  Drone  
  21  2:38  Drone  
  21  2:42  Queen  
  23  3:10  Drone x2  
  23  3:11  Drone x3  
  25  3:22  Drone  
  25  3:24  Overlord  
  26  3:34  Drone x3  
  29  3:37  Drone  
  30  3:42  Drone  
  30  3:44  Roach Warren  
  30  3:49  Spore Crawler  
  29  3:56  Drone  
  29  3:58  Spore Crawler  
  29  3:59  Drone  
  29  4:00  Drone  
  31  4:06  Drone x4  
  35  4:11  Overlord  
  35  4:20  Zergling x2  
  36  4:25  Lair  
  36  4:27  Drone x2  
  36  4:28  Drone  
  39  4:32  Extractor  
  39  4:35  Drone  
  39  4:40  Drone x3  
  39  4:41  Drone  
  39  4:43  Drone x2  
  45  4:46  Extractor  
  45  4:48  Extractor  
  43  4:59  Roach x4  
  50  5:04  Drone  
  50  5:05  Drone  
  52  5:09  Overlord  
  52  5:10  Overlord  
  52  5:20  Evolution Chamber  
  52  5:21  Drone  
  52  5:29  Drone x3  
  52  5:30  Drone  
  52  5:31  Drone  
  57  5:41  Glial Reconstitution  
  57  5:44  Roach  
  57  5:45  Roach x2  
  57  5:46  Hatchery  
  57  5:49  Roach  
  66  5:50  Roach  
  66  5:52  Roach  
  66  5:56  Zerg Missile Weapons Level 1  
  68  5:59  Overlord  
  68  6:02  Overlord  
  68  6:10  Overlord  
  68  6:17  Roach x4  
  76  6:20  Roach  
  76  6:21  Roach  
  76  6:23  Roach  
  82  6:26  Overlord  
  82  6:30  Overlord  
  82  6:34  Overseer  
  82  6:37  Roach x2  
  82  6:39  Roach  
  88  6:48  Drone x5  
  88  6:49  Drone  
  88  6:51  Drone  
  95  6:55  Overlord  
  95  6:58  Overlord  
  95  7:02  Queen  
  95  7:07  Drone  
  95  7:08  Drone x2  
  100  7:09  Drone  
  101  7:16  Extractor  
  101  7:22  Drone  
  101  7:23  Hydralisk Den  
  101  7:25  Drone x3  
  101  7:26  Drone x2  
  101  7:27  Drone x3  
  101  7:28  Drone  
  109  7:53  Zerg Missile Weapons Level 2  
  109  7:54  Muscular Augments  
  109  7:56  Roach  
  109  7:57  Roach x9  
  129  8:11  Drone  
  130  8:14  Overlord x2  
  130  8:15  Overlord x2  
  130  8:16  Extractor  
  130  8:19  Hatchery  
  128  8:29  Drone  
  128  8:31  Drone  
  130  8:34  Drone  
  130  8:35  Drone  
  130  8:37  Roach  
  130  8:38  Roach x10  
  154  8:49  Drone  
  154  8:51  Infestation Pit  
  154  8:59  Lurker Den  
  156  9:03  Roach x4  
  156  9:06  Overlord x5  
  162  9:28  Roach  
  162  9:29  Roach x8  
  180  9:33  Queen  
  180  9:38  Hive  
  182  9:41  Roach  
  182  9:42  Roach x6  
  182  9:43  Roach  
  198  10:09  Zerg Ground Armor Level 1  
  188  10:18  Roach x6  
  188  10:19  Roach x11  
  156  10:35  Roach x5  
  146  10:36  Roach x3  
  152  10:49  Overlord  
  152  10:51  Overlord  
  152  10:53  Overseer  
  152  10:56  Roach x3  
  152  10:57  Roach x4  
  166  10:58  Roach  
  164  11:10  Roach x7  
  134  11:19  Roach  
  134  11:20  Roach x5  
  136  11:34  Roach x5  
  136  11:35  Roach x3  
  150  11:46  Hydralisk x3  
  156  11:58  Hydralisk x5  
  166  12:14  Hydralisk  
  166  12:15  Hydralisk x6  
  168  12:16  Hydralisk  
  168  12:19  Hatchery  
  181  12:37  Hydralisk x6  
  181  12:38  Hydralisk x2  
  195  12:53  Hydralisk x2  
Tags
 
Add a new tag
Caveats
  • Supply blocks, unpowered buildings, or Contaminate may cause inaccurate times.
  • Supply counts are checked every 10 seconds.